 Dungeon Crawl Stone Soup version 0.26.1-11-gd32895ea62 (webtiles) character file.

Game seed: 12536750942022887833

83546 dtburroughs the Fighter (level 15, -3/96 HPs)
             Began as a Minotaur Berserker on July 15, 2021.
             Was a High Priest of Trog.
             Slain by a raiju (7 damage)
             ... on level 1 of the Abyss on July 16, 2021.
             The game lasted 01:04:11 (30071 turns).

dtburroughs the Fighter (Minotaur Berserker)       Turns: 30071, Time: 01:04:11

Health: -3/96      AC: 12    Str: 16 (19) XL:     15   Next: 32%
Magic:  0/0        EV:  7    Int:  2 (3)  God:    Trog [*****.]
Gold:   2221       SH: 16    Dex:  1 (3)  Spells: 14/14 levels left

rFire    + . .     SeeInvis .   P - +11 broad axe "Este" {vorpal, +Fly rN+ MP-9}
rCold    . . .     Faith    .   D - +5 kite shield
rNeg     + + .     Spirit   .   N - +0 chain mail of Time Monsters {rPois rN+ Dex-5}
rPois    +         Reflect  .   (helmet restricted)
rElec    .         Harm     .   r - +0 cloak
rCorr    .         Rampage  .   z - +0 pair of gloves
Will     +++..     Rnd*Rage +   (no boots) Stlth ..........Rnd*Tele +
                                R - amulet of regeneration
HPRegen  1.66/turn              H - +4 ring of slaying
MPRegen  0.07/turn              L - ring of protection from fire

@: regenerating, hasted, very quick
A: retaliatory headbutt, horns 2, berserk 1[+2], blurry vision 1[+2], [clumsy
2], [deformed body], [deterioration 2], [dopey 2], [frail 3], low mp 1[+2],
[screaming 3], [teleportitis 2], [weak 2], [no potion heal 3], [subdued magic 3]
a: Renounce Religion, Evoke Flight, Berserk, Trog's Hand, Brothers in Arms


You were on level 1 of the Abyss.
You worshipped Trog.
Trog was extremely pleased with you.
You visited 3 branches of the dungeon, and saw 22 of its levels.
You visited the Abyss 1 time.

You collected 2221 gold pieces.

Inventory:

Hand Weapons
 k - a +3 antimagic war axe
 n - a +4 morningstar
 P - the +11 broad axe "Este" (weapon) {vorpal, +Fly rN+ MP-9}
   (Trog gifted it to you on level 2 of the Lair of Beasts)

   It inflicts extra damage upon your enemies.
   It protects you from negative energy.
   It affects your magic capacity (-9).
   It lets you fly.
Armour
 b - the +1 pair of gloves of the Eternal Void {rF+, unknown}
   (You found it on level 1 of the Abyss)

   It protects you from fire.
 r - a +0 cloak (worn)
 s - a +0 plate armour
 z - a +0 pair of gloves (worn)
 D - a +5 kite shield (worn)
 N - the +0 chain mail of Time Monsters (worn) {rPois rN+ Dex-5}
   (You found it on level 14 of the Dungeon)

   It affects your dexterity (-5).
   It protects you from poison.
   It protects you from negative energy.
Jewellery
 i - an uncursed ring of flight
 C - a +4 ring of evasion
 G - an uncursed ring of see invisible
 H - a +4 ring of slaying (left hand)
 L - a ring of protection from fire (right hand)
 R - an amulet of regeneration (around neck)
Wands
 w - a wand of acid (7)
 x - a wand of digging (11)
 F - a wand of flame (60)
 M - a wand of iceblast (24)
 Q - a wand of paralysis (17)
 S - a wand of polymorph (10)
Scrolls
 a - 2 scrolls of identify
 d - a scroll of brand weapon
 f - 2 scrolls of enchant weapon
 g - 9 scrolls of remove curse
 o - 2 scrolls of teleportation
 p - 5 scrolls of blinking
 u - 4 scrolls of immolation
 y - a scroll of silence
 A - 2 scrolls of fog
 B - a scroll of holy word
 E - a scroll of summoning
 I - 4 scrolls of magic mapping
Potions
 c - a potion of resistance {unknown}
 j - 3 potions of haste
 l - a potion of invisibility {unknown}
 m - 9 potions of heal wounds
 q - 11 potions of curing
 t - 4 potions of lignification
 J - 3 potions of mutation
 U - 2 potions of might
Miscellaneous
 K - a box of beasts
 O - a phantom mirror


   Skills:
 + Level 14.0 Fighting
 + Level 14.0 Axes
 + Level 13.7 Armour
 + Level 12.7 Dodging
 + Level 13.3 Shields
 + Level 9.4 Evocations


You had 14 spell levels left.
You didn't know any spells.
Your spell library was empty.

Dungeon Overview and Level Annotations

Branches:
Dungeon (15/15)            Temple (0/1) D:6            Lair (6/6) D:10
 Shoals (0/4) Lair:3        Snake (0/4) Lair:2        Slime (0/5) Lair:5
    Orc (1/2) D:11         Vaults (0/5) D:13         Depths (0/5) D:15

Altars:
Ashenzari
Cheibriados
Dithmenos
Fedhas
Gozag
Hepliaklqana
Nemelex Xobeh
Okawaru
Qazlal
Uskayaw
Zin
The Shining One
Beogh

Shops:
D:4 *   D:9 :   D:10 *   D:14 ((   D:15 :

Portals:
Trove: D:10 (give +8 demon whip)

Annotations:
Orc:1 Erolcha


Innate Abilities, Weirdness & Mutations

You reflexively headbutt those who attack you in melee.
You have a pair of horns on your head.
[You have an uncontrollable temper.]
[Scrolls take you much longer to read.]
[You are very clumsy. (Dex -4)]
[Armour fits poorly on your strangely shaped body.]
[Your body often deteriorates upon taking damage.]
[You are very dopey. (Int -4)]
[You are extremely frail. (-30% HP)]
[Your magical capacity is extremely low. (-30% MP)]
[You frequently scream uncontrollably at your foes.]
[You are sometimes teleported next to monsters.]
[You are very weak. (Str -4)]
[Potions cannot restore your health.]
[Your spells are much easier to cast, but much less powerful.]


Message History

The raiju is almost dead.
The raiju bursts into living lightning!
The living lightning hits you! The living lightning hits you!!
* * * LOW HITPOINT WARNING * * *
Your body deteriorates!
You feel dopey.
The raiju blinks!
The raiju bursts into living lightning!
The living lightning hits you!
* * * LOW HITPOINT WARNING * * *
The living lightning misses you.
The raiju blinks! x2
Found a granite ring.
You have no ailments to cure.
Really read with blurry vision while enemies are nearby? [Y]es or [N]o only, please.
Really read with blurry vision while enemies are nearby? [Y]es or [N]o only, please.
Really read with blurry vision while enemies are nearby?
You begin reading the scroll.
You continue reading the scroll.
The raiju bites you!
You die...

# #.. ##### ...#
###...###..
....#..#..@......#
#..[#.#..h.#.#...
.# #...##......#
.. ##...###....#.#
... ....
#...#.#...
#..........#.#
#=.#
#..........#.. #..
# . .....*.#.## ..
..#..... .....#


You could see a wretched star and a raiju.

Vanquished Creatures
  Kirke (D:15)
  2 yaktaur captains
  Harold (D:7)
  3 catoblepae (Lair:6)
  3 boulder beetles
  7 hydras
  2 centaur warriors
  4 two-headed ogres
  2 ogre magi (D:15)
  6 tengu warriors
  5 death yaks (Lair:6)
  Urug (Lair:6)
  A wizard (D:15)
  2 cyclopes
  7 ugly things
  23 elephants
  3 centaur zombies
  3 manticores
  4 black mambas
  A gargoyle (D:12)
  15 cane toads
  A rime drake (Lair:4)
  7 yaktaurs
  8 komodo dragons
  A hellwing (Abyss:1)
  A tengu conjurer (D:15)
  5 trolls
  2 polar bears
  4 slime creatures (D:13)
  5 dream sheep (Lair:5)
  13 blink frogs
  7 wyverns
  A vampire (D:13)
  2 wraiths
  8 basilisks
  75 yaks
  4 hogs (D:15)
  A shadow (D:11)
  2 humans (D:10)
  A soldier ant (D:13)
  Duvessa (D:5)
  18 water moccasins
  5 sky beasts
  5 ice beasts
  13 orc warriors
  6 phantoms
  4 black bears
  An eye of draining (D:13)
  5 ogres
  4 necrophages
  12 wolves
  9 centaurs
  11 big kobolds
  20 bullfrogs
  A gnoll sergeant (D:11)
  A wyvern zombie (D:9)
  Dowan (D:5)
  3 scorpions
  7 wights
  A howler monkey (D:7)
  4 electric eels
  5 bullfrog zombies
  2 quasits
  Crazy Yiuf (D:2)
  6 jellies
  11 orc priests
  5 hounds
  2 bullfrog skeletons
  4 centaur skeletons
  Jessica (D:3)
  Ijyb (D:4)
  25 orc wizards
  4 iguanas
  12 worker ants
  2 killer bee zombies
  A hound skeleton (D:7)
  2 worker ant zombies
  Robin (D:2)
  12 adders
  12 gnolls
  5 white imps
  4 ufetubi
  3 oozes
  2 worms
  3 dart slugs
  5 leopard geckos
  69 orcs
  2 ball pythons
  7 giant cockroaches
  17 goblins
  9 hobgoblins
  16 jackals
  4 quokkas
  4 bats
  4 frilled lizards
  28 kobolds
  2 leopard gecko skeletons
  A quokka skeleton (D:5)
  7 rats
677 creatures vanquished.

Vanquished Creatures (collateral kills)
  A hydra (Lair:1)
  A manticore (D:14)
  A big kobold (D:14)
  3 kobolds (D:14)
6 creatures vanquished.

Vanquished Creatures (others)
  A jackal (D:6)
  2 ball pythons (Lair:2)
  25 bushes (Lair:6)
  82 fungi
  126 plants
236 creatures vanquished.

Grand Total: 919 creatures vanquished

Notes
Turn   | Place    | Note
-------+----------+-------------------------------------------
     0 | D:1      | dtburroughs the Minotaur Berserker began the quest for the
                  | Orb.
     0 | D:1      | Reached XP level 1. HP: 19/19 MP: 0/0
   183 | D:1      | Reached XP level 2. HP: 13/27 MP: 1/1
  1257 | D:2      | Reached XP level 3. HP: 33/33 MP: 2/2
  1267 | D:2      | Reached ** piety under Trog
  1594 | D:2      | Noticed Robin
  1606 | D:2      | Killed Robin
  1926 | D:2      | Reached XP level 4. HP: 40/40 MP: 3/3
  2105 | D:2      | Found a runed translucent door.
  2106 | D:2      | Noticed Crazy Yiuf
  2353 | D:2      | Killed Crazy Yiuf
  2354 | D:2      | Reached skill level 1 in Shields
  2897 | D:3      | Noticed Jessica
  2909 | D:3      | Killed Jessica
  2910 | D:3      | Reached XP level 5. HP: 34/47 MP: 4/4
  2998 | D:3      | Found a broken altar of Ashenzari.
  3896 | D:4      | Found a snail-covered altar of Cheibriados.
  3902 | D:4      | Reached skill level 5 in Fighting
  3907 | D:4      | Reached XP level 6. HP: 31/56 MP: 5/5
  4117 | D:4      | Reached skill level 5 in Axes
  4201 | D:4      | Reached *** piety under Trog
  4214 | D:4      | Noticed Ijyb
  4250 | D:4      | Killed Ijyb
  4479 | D:4      | Found Docubb's General Store.
  4628 | D:5      | Entered Level 5 of the Dungeon
  4776 | D:5      | Reached XP level 7. HP: 47/54 MP: 6/6
  4942 | D:5      | Reached skill level 5 in Armour
  5062 | D:5      | Noticed Dowan
  5063 | D:5      | Noticed Duvessa
  5085 | D:5      | Killed Duvessa
  5106 | D:5      | Killed Dowan
  5107 | D:5      | Reached skill level 5 in Dodging
  5107 | D:5      | Reached XP level 8. HP: 32/70 MP: 7/7
  5679 | D:5      | Found a stormy altar of Qazlal.
  6107 | D:6      | Found a shadowy altar of Dithmenos.
  6125 | D:6      | Reached skill level 5 in Shields
  6284 | D:6      | Reached **** piety under Trog
  6643 | D:6      | Found a hazy altar of Hepliaklqana.
  6643 | D:6      | Found a hide-covered altar of Uskayaw.
  6643 | D:6      | Found a sparkling altar of Nemelex Xobeh.
  7270 | D:6      | Found a staircase to the Ecumenical Temple.
  7467 | D:6      | Reached XP level 9. HP: 58/79 MP: 8/8
  8597 | D:7      | Noticed Harold
  8631 | D:7      | Killed Harold
  8632 | D:7      | Reached skill level 1 in Evocations
  9183 | D:7      | Reached XP level 10. HP: 69/90 MP: 9/9
  9291 | D:7      | Found a glowing golden altar of the Shining One.
  9534 | D:7      | Found a blossoming altar of Fedhas.
  9909 | D:7      | Found a glowing silver altar of Zin.
  9959 | D:8      | You fall into a shaft and drop 1 floor!
  9987 | D:9      | Found an opulent altar of Gozag.
 11127 | D:9      | Found Cassav's Book Boutique.
 12787 | D:10     | Entered Level 10 of the Dungeon
 12980 | D:10     | Reached XP level 11. HP: 38/99 MP: 10/10
 13239 | D:10     | Found a staircase to the Lair.
 13296 | D:10     | Found a stormy altar of Qazlal.
 13391 | D:10     | Got a transparent ring mail
 13469 | D:10     | Found a portal to a secret trove of treasure.
 13586 | D:10     | Reached ***** piety under Trog
 13655 | D:10     | Found an iron altar of Okawaru.
 13946 | D:10     | Found Boryurus's General Store.
 14206 | D:10     | Identified the +4 ring mail of Keneti Defe {+Inv rF+
                  | Regen+} (You found it on level 10 of the Dungeon)
 14355 | D:11     | Noticed a brown ugly thing
 14393 | D:10     | Killed a brown ugly thing
 14394 | D:10     | Reached skill level 10 in Fighting
 14571 | D:11     | Noticed a cyan ugly thing
 14594 | D:10     | Killed a cyan ugly thing
 14595 | D:10     | Reached skill level 10 in Axes
 14915 | D:11     | Found a staircase to the Orcish Mines.
 15414 | Lair:1   | Entered Level 1 of the Lair of Beasts
 15720 | Lair:1   | Reached skill level 10 in Armour
 15725 | Lair:1   | Reached skill level 5 in Evocations
 16023 | Lair:1   | Noticed an eight-headed hydra
 16072 | Lair:1   | Killed an eight-headed hydra
 16539 | Lair:1   | Noticed a six-headed hydra
 16552 | Lair:1   | Killed a six-headed hydra
 16567 | Lair:1   | Reached XP level 12. HP: 108/108 MP: 11/11
 16792 | Lair:1   | Reached skill level 10 in Shields
 16849 | Lair:1   | You fall into a shaft and drop 1 floor!
 16997 | Lair:2   | Noticed a four-headed hydra
 17015 | Lair:2   | Killed a four-headed hydra
 17489 | Lair:2   | Reached skill level 10 in Dodging
 18476 | Lair:2   | Found a staircase to the Snake Pit.
 18553 | Lair:2   | Noticed an eight-headed hydra
 18566 | Lair:2   | Killed an eight-headed hydra
 18802 | Lair:2   | Noticed a boulder beetle
 19295 | Lair:2   | Killed a boulder beetle
 19295 | Lair:2   | Received a gift from Trog
 19298 | Lair:2   | Got an encrusted broad axe {god gift}
 19299 | Lair:2   | Identified the +11 broad axe "Este" {vorpal, +Fly rN+ MP-9}
                  | (Trog gifted it to you on level 2 of the Lair of Beasts)
 20328 | Lair:3   | Found a staircase to the Shoals.
 20343 | Lair:3   | Noticed an eight-headed hydra
 20347 | Lair:3   | Reached XP level 13. HP: 117/117 MP: 3/12
 21437 | Lair:4   | You fall into a shaft and drop 2 floors!
 21437 | Lair:6   | Entered Level 6 of the Lair of Beasts
 21443 | Lair:6   | Noticed Urug
 22291 | Lair:5   | Found a staircase to the Slime Pits.
 22875 | Lair:5   | Received a gift from Trog
 23579 | Lair:6   | Killed Urug
 23852 | Lair:6   | Reached XP level 14. HP: 76/127 MP: 4/13
 26408 | D:12     | Received a gift from Trog
 27253 | D:13     | Found a gate to the Vaults.
 27656 | D:14     | Found Futahie's Antique Weapon Boutique.
 27668 | D:14     | Got a masterwork chain mail
 28104 | D:14     | Found Belaaqor's Weapon Emporium.
 28203 | D:14     | Identified the cursed +0 chain mail of Time Monsters {rPois
                  | rN+ Dex-5} (You found it on level 14 of the Dungeon)
 28230 | D:15     | Entered Level 15 of the Dungeon
 28422 | D:15     | Found Ufuop's Book Shop.
 28463 | D:15     | Reached XP level 15. HP: 91/137 MP: 5/14
 28725 | D:15     | Received a gift from Trog
 28906 | D:15     | Found a staircase to the Depths.
 29050 | D:15     | Noticed Kirke
 29057 | D:15     | Killed Kirke
 29464 | Orc:1    | Entered Level 1 of the Orcish Mines
 29498 | Orc:1    | Found a roughly hewn altar of Beogh.
 29523 | Orc:1    | Noticed Erolcha
 29525 | Orc:1    | Cast into level 1 of the Abyss (Erolcha)
 29751 | Abyss:1  | Gained mutation: [Scrolls take you a little longer to
                  | read.] [a neqoxec]
 29763 | Abyss:1  | Gained mutation: [Your magical capacity is extremely low.
                  | (-30% MP)] [a neqoxec]
 29783 | Abyss:1  | Gained mutation: [You tend to lose your temper in combat.]
                  | [a neqoxec]
 29993 | Abyss:1  | Got a pair of faintly glowing gloves
 30068 | Abyss:1  | HP: 1/96 [raiju/living lightning (17)]
 30071 | Abyss:1  | Slain by a raiju

Illustrated notes

Levels and vault maps discovered:
D:1:      amcnicky_arrival_flooded_fountain, layout_loops_corners,
          minmay_misc_feat_more_columns, moated_statue
D:2:      layout_loops_ring, uniq_robin, uniq_crazy_yiuf_cottage
D:3:      layout_loops_cross, nicolae_ashenzari_panopticon, uniq_jessica
D:4:      kennysheep_goblin_castle, layout_basic, cheibriados_altar_1,
          serial_shops, nicolae_shop_window_shopping
D:5:      layout_basic, basic_altar, uniq_duvessa
D:6:      kennysheep_windowed_halls, layout_cave_pools,
          gammafunk_temple_overflow_forgotten, minmay_temple_entry_glassed_door,
          basic_altar, minivault_4, minmay_crystal_water, serial_bayou_crossing
D:7:      layout_loops_ring, tso_metal_star, kennysheep_mini,
          nicolae_overflow_hidden_temple, uniq_harold
D:8:      layout_basic
D:9:      layout_grid_maze, lemuel_crystal_altar, serial_shops,
          nicolae_shop_trees
D:10:     layout_gridville, grunt_lair_entry_orc_guard_hut, basic_altar,
          serial_shops, shop, nicolae_trove_entry_diagonal, okawaru_humans
D:11:     layout_rooms, kennysheep_orc_monster_closet_entryway
D:12:     layout_loops_ring
D:13:     layout_basic, david_vaults_2, gauntlet_entry_generic,
          roderic_lattice_a
D:14:     layout_cave_pools, serial_shops, shop, shop
D:15:     hangedman_depths_entry_civil_slaughter, layout_irregular_city,
          serial_shops, nicolae_shop_crystal, uniq_kirke
Lair:1:   layout_chaotic_city, grunt_megastairs_5
Lair:2:   layout_regular_city, minmay_snake_entry_six_corridors,
          infiniplex_staircase_pool_2, serial_bayou_shore_a
Lair:3:   layout_layer_cave, shoals_dummy_entry, st_stairs_11,
          infiniplex_staircase_pool
Lair:4:   layout_misc_corridors, grunt_megastairs_4
Lair:5:   wander_river, layout_regular_city, nicolae_slime_entry_slimehenge,
          beast_lair_carwin_2
Lair:6:   evilmike_catoblepas_cave, layout_layer_cave,
          portal_ice_cave_entry_pillars_2, minmay_hedge_maze, uniq_urug
Orc:1:    layout_caves, basic_altar, uniq_erolcha
Abyss:1:  base: D:3, minivault_27, minivault_27, minivault_13

Skill      XL: |  1  2  3  4  5  6  7  8  9 10 11 12 13 14 15 |
---------------+----------------------------------------------+-----
Axes           | 4 5 6 7 8 9 10 11 12 13 14 | 14.0
Fighting       | 4 5 6 7 8 9 10 11 12 13 14 | 14.0
Armour         | 3 4 5 6 8 9 10 11 12 13 | 13.7
Dodging        | 3 4 5 6 7 8 9 10 11 12 | 12.7
Shields        | 1 2 3 4 5 7 8 9 10 12 13 | 13.3
Evocations     | 2 3 5 6 8 9 |  9.4

Action                   |  1- 3 |  4- 6 |  7- 9 | 10-12 | 13-15 || total
-------------------------+-------+-------+-------+-------+-------++-------
Melee: Hand axe          |    87 |   161 |   448 |   731 |       ||  1427
       Headbutt          |    15 |    25 |    78 |   266 |   139 ||   523
       War axe           |       |       |       |   271 |       ||   271
       Flail             |       |       |       |    23 |    12 ||    35
       Broad axe         |       |       |       |    52 |   605 ||   657
Invok: Trog's Hand       |       |     6 |    11 |    11 |     9 ||    37
       Berserk           |       |     1 |     3 |     3 |       ||     7
       Brothers in Arms  |       |       |       |     1 |     1 ||     2
Evoke: Wand              |       |       |       |       |     8 ||     8
  Use: Scroll            |       |       |     7 |    11 |    18 ||    36
       Potion            |       |       |       |       |     3 ||     3
 Stab: Sleeping          |     2 |       |       |       |       ||     2
       Distracted        |       |       |       |       |     1 ||     1
Armor: Animal skin       |    24 |     7 |       |       |       ||    31
       Plate armour      |       |    87 |   292 |   334 |   268 ||   981
       Ring mail         |       |       |       |    39 |       ||    39
       Chain mail        |       |       |       |       |    71 ||    71
Dodge: Dodged            |    71 |    81 |   197 |   451 |   352 ||  1152
Block: Buckler           |       |    26 |   111 |   173 |       ||   310
       Kite shield       |       |       |       |   233 |   483 ||   716
